Saguenéens vs Staline
(R1)
Created - 27 mai 2013 at 21:03
Goals
|
| Saguenéens |
0 |
1 |
2 |
3 |
| Staline |
2 |
2 |
4 |
8 |
|
Shots
|
| Saguenéens |
5 |
10 |
15 |
30 |
| Staline |
11 |
10 |
14 |
35 |
|
1st period
1. Staline , Devin Setoguchi 1 (Robert Dome, Josh Green) at 9:49
2. Staline , Yan Stastny 1 (Chris Dingman) at 17:10 (PP)
Penalties :
Robert Dome (StJ) for Interference (Minor) at 7:08, Dwight King (Chi) for Holding (Minor) at 17:06, Maxime Fortunus (StJ) for Roughing (Minor) at 18:20
2nd period
3. Staline , Cam Janssen 1 (Alexandre Daigle, Josh Green) at 8:39
4. Saguenéens , Mike Van Ryn 1 (Brandon Yip, Michal Grosek) at 13:50 (PP)
5. Staline , Chris Dingman 4 (T.J. Fast, Matt Carle) at 17:02 (PP)
Penalties :
Alexandre Daigle (StJ) for Holding (Minor) at 5:49, Patrick McNeill (Chi) for Roughing (Minor) at 5:49, Eric Hunter (StJ) for Hooking (Minor) at 10:11, Devin Setoguchi (StJ) for Hooking (Minor) at 12:44, Pat Dwyer (Chi) for Charging (Minor) at 16:50
3rd period
6. Staline , Devin Setoguchi 2 (Robert Dome, Greg Zanon) at 5:49 (PP)
7. Staline , Robert Dome 3 (Devin Setoguchi, Mike Sauer) at 10:30
8. Saguenéens , Wayne Simmonds 5 (Dean McAmmond, Mike Van Ryn) at 10:40
9. Staline , Chris Dingman 5 (Mark Stuart, Greg Zanon) at 14:03 (PP)
10. Saguenéens , Dean McAmmond 4 (Brad Chartrand, Brendan Witt) at 17:13 (SH)
11. Staline , Chris Dingman 6 (Alexandre Daigle) at 17:20 (PP)
Penalties :
Tomas Kana (StJ) for Hooking (Minor) at 0:30, Wayne Simmonds (Chi) for Hooking (Minor) at 0:30, Patrick McNeill (Chi) for Hooking (Minor) at 4:23, Dwight King (Chi) for Interference (Minor) at 13:49, Patrick McNeill (Chi) for High sticking (Minor) at 15:31, Patrick McNeill (Chi) for Slashing (Minor) at 19:36
Goalie Stats
Thomas Greiss (Chi), 8 saves from 11 shots - (0,727), 14:11 minutes
James Reimer (Chi), 19 saves from 24 shots - (0,792), L, 0-1-0, 45:49 minutes
Erik Ersberg (StJ), 27 saves from 30 shots - (0,900), W, 2-2-0, 60:00 minutes
Players Stats for Saguenéens
Player Name G A P +/- PIM S H SB GA TA FO MP PP MP PK MP
------------------------------------------------------------------------------------
Andrew Kozek 0 0 0 0 0 1 1 1 0 0 0/0 8:09 0:00 0:00
Brad Chartrand 0 1 1 0 0 2 0 0 0 0 0/2 11:30 0:13 2:03
Brandon Yip 0 1 1 -1 0 1 1 0 2 1 0/1 19:47 3:17 0:00
Brendan Witt 0 1 1 1 0 0 0 2 0 1 0/0 19:37 3:01 2:15
David McIntyre 0 0 0 0 0 0 0 1 0 0 3/6 7:39 0:00 0:00
Dean McAmmond 1 1 2 1 0 5 0 2 1 0 10/21 22:01 3:34 2:03
Denis Bodrov 0 0 0 -1 0 0 1 1 0 1 0/0 13:25 0:00 0:00
Derek Joslin 0 0 0 -3 0 1 0 1 0 0 0/0 19:18 0:00 1:53
Dwight King 0 0 0 0 4 1 1 0 0 0 0/0 17:44 3:33 0:00
Henrik Tallinder 0 0 0 1 0 2 2 7 2 0 0/0 23:37 3:01 1:53
Jim Slater 0 0 0 -1 0 1 1 0 0 0 0/0 8:06 0:00 0:00
Johannes Salmonsson 0 0 0 -1 0 0 1 0 1 0 1/1 8:39 0:22 0:00
Kyle Brodziak 0 0 0 -1 0 3 5 0 1 1 17/33 21:32 3:08 2:05
Michal Grosek 0 1 1 0 0 4 0 0 2 1 1/3 19:12 3:17 2:05
Mike Van Ryn 1 1 2 0 0 3 1 1 2 2 0/0 24:53 4:02 2:15
Pat Dwyer 0 0 0 0 2 2 1 0 0 0 0/0 7:57 0:12 0:00
Patrick McNeill 0 0 0 -1 8 1 3 1 0 1 0/0 19:57 4:02 0:00
Wayne Simmonds 1 0 1 0 2 3 3 0 2 0 1/2 18:43 3:33 0:00
Players Stats for Staline
Player Name G A P +/- PIM S H SB GA TA FO MP PP MP PK MP
------------------------------------------------------------------------------------
Alexandre Daigle 0 2 2 0 2 5 4 0 0 0 1/2 21:45 2:22 3:55
Brandon Prust 0 0 0 0 0 1 1 1 0 0 0/1 8:48 0:00 1:36
Brock Trotter 0 0 0 0 0 0 0 0 0 0 0/0 0:41 0:00 0:32
Cam Janssen 1 0 1 1 0 2 4 0 2 1 0/0 11:57 0:00 0:00
Chris Dingman 3 1 4 -1 0 6 2 2 1 1 7/11 22:19 2:22 3:59
Devin Setoguchi 2 1 3 1 2 2 1 1 2 0 0/1 15:37 1:46 0:00
Eric Hunter 0 0 0 0 2 1 0 0 0 0 1/3 10:19 0:00 0:00
Greg Zanon 0 2 2 0 0 2 1 2 0 1 0/0 29:15 3:21 3:57
J.T. Wyman 0 0 0 0 0 0 0 0 0 0 1/1 6:19 0:00 0:00
Jean-François Jacques 0 0 0 0 0 0 0 0 0 0 0/0 0:00 0:00 0:00
Josh Green 0 2 2 1 0 1 0 0 2 1 0/2 12:32 0:00 0:00
Mark Stuart 0 1 1 0 0 3 2 5 0 5 0/0 29:15 3:21 3:57
Matt Carle 0 1 1 -1 0 0 0 1 0 1 0/0 19:01 0:47 3:06
Matt Generous 0 0 0 1 0 0 0 1 0 0 0/0 7:56 0:00 0:00
Maxime Fortunus 0 0 0 1 2 1 1 0 0 0 0/0 7:56 0:00 0:00
Mike Sauer 0 1 1 1 0 0 0 0 0 0 0/0 3:48 0:00 0:00
Nick Palmieri 0 0 0 0 0 0 0 0 0 0 0/0 0:00 0:00 0:00
Raymond Sawada 0 0 0 0 0 0 0 0 0 0 0/0 0:00 0:00 0:00
Robby Dee 0 0 0 0 0 0 1 1 0 0 1/3 6:46 0:00 0:19
Robert Dome 1 2 3 1 2 4 3 1 1 1 0/1 17:41 1:46 1:30
Simon Danis-Pepin 0 0 0 1 0 0 0 0 0 0 0/0 3:48 0:00 0:00
T.J. Fast 0 1 1 -1 0 1 0 0 0 1 0/0 19:01 0:47 3:06
Tomas Kana 0 0 0 1 2 0 0 2 0 0 9/15 15:41 1:46 0:00
Yan Stastny 1 0 1 -1 0 6 1 1 0 1 16/29 18:28 2:22 2:15
3 Stars
1 - Chris Dingman (StJ)
2 - Devin Setoguchi (StJ)
3 - Robert Dome (StJ)
Power Play
Saguenéens - 1 on 4 Attempt(s) - 25,00%
Staline - 5 on 6 Attempt(s) - 83,33%
Penalty Kill
Saguenéens - 1 on 6 Attempt(s) - 16,67%
- Score 1 goal in Penalty Kill
Staline - 3 on 4 Attempt(s) - 75,00%
- Score 0 goal in Penalty Kill
Official
Referees : Rehman Kyle and O'Rourke Dan
Linesman : Michel Cormier and Brad Lazarowich
Game Notes
Thomas Greiss enters game at 5:49 of 3rd period
Chris Dingman has scored a Hat Trick!
Finance
Level 1 -- Attendance: 1816 (90,80%) -- Ticket Income 63 560 $
Level 2 -- Attendance: 858 (85,80%) -- Ticket Income 12 870 $
Total Attendance: 2674 (89,13%)
Total Ticket Income: 76 430 $
Other Income: 3 822 $
Total Income: 80 252 $
Saguenéens
5 vs 5 Forward
Center Left Wing Right Wing Time % Phy DF OF
1 Kyle Brodziak Michal Grosek Brandon Yip 35 1 1 3
2 Dean McAmmond Dwight King Wayne Simmonds 35 1 1 3
3 Jim Slater Johannes Salmonsson Brad Chartrand 20 1 2 2
4 David McIntyre Andrew Kozek Pat Dwyer 10 1 2 2
5 vs 5 Defense
Defense Defense Time % Phy DF OF
1 Mike Van Ryn Derek Joslin 32 1 2 2
2 Henrik Tallinder Patrick McNeill 32 1 2 2
3 Brendan Witt Denis Bodrov 26 1 2 2
4 Henrik Tallinder Mike Van Ryn 10 0 2 3
PowerPlay Forward
Center Left Wing Right Wing Time % Phy DF OF
1 Kyle Brodziak Michal Grosek Brandon Yip 50 0 1 4
2 Dean McAmmond Dwight King Wayne Simmonds 50 0 1 4
PowerPlay Defense
Defense Defense Time % Phy DF OF
1 Mike Van Ryn Patrick McNeill 50 0 2 3
2 Henrik Tallinder Brendan Witt 50 0 2 3
Penalty Kill 4 Players Forward
Center Wing Time % Phy DF OF
1 Kyle Brodziak Michal Grosek 50 1 3 1
2 Dean McAmmond Brad Chartrand 50 1 3 1
Penalty Kill 4 Players Defense
Defense Defense Time % Phy DF OF
1 Mike Van Ryn Brendan Witt 50 1 3 1
2 Henrik Tallinder Derek Joslin 50 1 3 1
Penalty Kill - 3 Players Forward
Forward Time % Phy DF OF
1 Dean McAmmond 50 1 3 1
2 Michal Grosek 50 1 3 1
Penalty Kill - 3 Players Defense
Defense Defense Time % Phy DF OF
1 Mike Van Ryn Brendan Witt 50 1 3 1
2 Henrik Tallinder Derek Joslin 50 1 3 1
4 vs 4 Forward
Center Wing Time % Phy DF OF
1 Kyle Brodziak Brandon Yip 50 1 1 3
2 Dean McAmmond Wayne Simmonds 50 1 1 3
4 vs 4 Defense
Defense Defense Time % Phy DF OF
1 Mike Van Ryn Derek Joslin 50 1 2 2
2 Henrik Tallinder Patrick McNeill 50 1 2 2
Last Minutes Offensive
Center Left Wing Right Wing Defense Defense
Dean McAmmond Michal Grosek Brandon Yip Henrik Tallinder Brendan Witt
Last Minutes Defensive
Center Left Wing Right Wing Defense Defense
Dean McAmmond Michal Grosek Wayne Simmonds Henrik Tallinder Brendan Witt
Goaltenders
Starting : James Reimer
Backup : Thomas Greiss
Extra Forwards
Normal : Brad Chartrand, Brandon Yip, Andrew Kozek - PP : Johannes Salmonsson, Brad Chartrand - PK : Brandon Yip
Extra Defensemen
Normal : Patrick McNeill, Henrik Tallinder, Mike Van Ryn - PP : Derek Joslin - PK : Patrick McNeill, Denis Bodrov
Penalty Shots
Brandon Yip, Michal Grosek, Brad Chartrand, Dean McAmmond, Wayne Simmonds
Staline
5 vs 5 Forward
Center Left Wing Right Wing Time % Phy DF OF
1 Yan Stastny Chris Dingman Alexandre Daigle 40 1 2 2
2 Tomas Kana Robert Dome Devin Setoguchi 30 1 2 2
3 Eric Hunter Josh Green Cam Janssen 20 1 2 2
4 Robby Dee Brandon Prust J.T. Wyman 10 1 2 2
5 vs 5 Defense
Defense Defense Time % Phy DF OF
1 Mark Stuart Greg Zanon 40 1 2 2
2 Matt Carle T.J. Fast 30 1 2 2
3 Maxime Fortunus Matt Generous 20 1 2 2
4 Mike Sauer Simon Danis-Pepin 10 1 2 2
PowerPlay Forward
Center Left Wing Right Wing Time % Phy DF OF
1 Yan Stastny Chris Dingman Alexandre Daigle 60 1 2 2
2 Tomas Kana Robert Dome Devin Setoguchi 40 1 2 2
PowerPlay Defense
Defense Defense Time % Phy DF OF
1 Mark Stuart Greg Zanon 60 1 2 2
2 Matt Carle T.J. Fast 40 1 2 2
Penalty Kill 4 Players Forward
Center Wing Time % Phy DF OF
1 Chris Dingman Alexandre Daigle 60 1 2 2
2 Yan Stastny Robert Dome 40 1 2 2
Penalty Kill 4 Players Defense
Defense Defense Time % Phy DF OF
1 Mark Stuart Greg Zanon 60 1 2 2
2 Matt Carle T.J. Fast 40 1 2 2
Penalty Kill - 3 Players Forward
Forward Time % Phy DF OF
1 Chris Dingman 60 1 2 2
2 Alexandre Daigle 40 1 2 2
Penalty Kill - 3 Players Defense
Defense Defense Time % Phy DF OF
1 Mark Stuart Greg Zanon 60 1 2 2
2 Matt Carle T.J. Fast 40 1 2 2
4 vs 4 Forward
Center Wing Time % Phy DF OF
1 Chris Dingman Alexandre Daigle 60 1 2 2
2 Yan Stastny Robert Dome 40 1 2 2
4 vs 4 Defense
Defense Defense Time % Phy DF OF
1 Mark Stuart Greg Zanon 60 1 2 2
2 Matt Carle T.J. Fast 40 1 2 2
Last Minutes Offensive
Center Left Wing Right Wing Defense Defense
Yan Stastny Chris Dingman Alexandre Daigle Mark Stuart Greg Zanon
Last Minutes Defensive
Center Left Wing Right Wing Defense Defense
Yan Stastny Chris Dingman Alexandre Daigle Mark Stuart Greg Zanon
Goaltenders
Starting : Erik Ersberg
Backup : Tobias Stephan
Extra Forwards
Normal : Josh Green, Cam Janssen, Brandon Prust - PP : Josh Green, Cam Janssen - PK : Brandon Prust
Extra Defensemen
Normal : Maxime Fortunus, Matt Generous, Mike Sauer - PP : Maxime Fortunus - PK : Matt Generous, Mike Sauer
Penalty Shots
Chris Dingman, Alexandre Daigle, Yan Stastny, Robert Dome, Josh Green
% Time on Ice - Saguenéens
Lines # - Real PCT - Wanted PCT - Time Play
Normal Forward
1 - 33% - 35% - 14:48
2 - 32% - 35% - 14:18
3 - 18% - 20% - 8:06
4 - 17% - 10% - 7:39
Normal Defense
1 - 33% - 32% - 14:50
2 - 33% - 32% - 14:49
3 - 29% - 26% - 13:07
4 - 5% - 10% - 2:05
PP Forward
1 - 49% - 50% - 3:29
2 - 51% - 50% - 3:34
PP Defense
1 - 57% - 50% - 4:02
2 - 43% - 50% - 3:01
PK Forward
1 - 50% - 50% - 2:05
2 - 50% - 50% - 2:03
PK Defense
1 - 54% - 50% - 2:15
2 - 46% - 50% - 1:53
PK3 Forward
1 - 0% - 50%
2 - 0% - 50%
PK3 Defense
1 - 0% - 50%
2 - 0% - 50%
44 Forward
1 - 41% - 50% - 1:38
2 - 59% - 50% - 2:20
44 Defense
1 - 54% - 50% - 2:09
2 - 46% - 50% - 1:49
Last Minute Offensive - 0:00
Last Minute Defensive - 0:00
Total
Forward - 60:00
Defense - 60:00
|
% Time on Ice - Staline
Lines # - Real PCT - Wanted PCT - Time Play
Normal Forward
1 - 32% - 40% - 14:21
2 - 31% - 30% - 13:59
3 - 23% - 20% - 10:12
4 - 14% - 10% - 6:19
Normal Defense
1 - 43% - 40% - 19:26
2 - 31% - 30% - 13:41
3 - 18% - 20% - 7:56
4 - 8% - 10% - 3:48
PP Forward
1 - 57% - 60% - 2:22
2 - 43% - 40% - 1:46
PP Defense
1 - 81% - 60% - 3:21
2 - 19% - 40% - 0:47
PK Forward
1 - 68% - 60% - 4:48
2 - 32% - 40% - 2:15
PK Defense
1 - 56% - 60% - 3:57
2 - 44% - 40% - 3:06
PK3 Forward
1 - 0% - 60%
2 - 0% - 40%
PK3 Defense
1 - 0% - 60%
2 - 0% - 40%
44 Forward
1 - 89% - 60% - 3:31
2 - 11% - 40% - 0:27
44 Defense
1 - 63% - 60% - 2:31
2 - 37% - 40% - 1:27
Last Minute Offensive - 0:00
Last Minute Defensive - 0:00
Total
Forward - 60:00
Defense - 60:00
|
Play by Play
1st period
0:01 of 1st period - Kyle Brodziak wins face-off versus Yan Stastny in neutral zone.
0:25 of 1st period - Dean McAmmond is hit by Robert Dome and loses puck.
0:32 of 1st period - Snap shot by Dean McAmmond.
0:32 of 1st period - Stopped by Erik Ersberg with a rebound.
0:34 of 1st period - Slapshot by Henrik Tallinder.
0:34 of 1st period - Shot Misses the Net.
0:46 of 1st period - Johannes Salmonsson is hit by Cam Janssen and loses puck.
1:11 of 1st period - Slapshot by Henrik Tallinder.
1:11 of 1st period - Deflect By Pat Dwyer.
1:11 of 1st period - Shot Misses the Net.
1:11 of 1st period - Puck is out of play.
1:12 of 1st period - Michal Grosek wins face-off versus Yan Stastny in Staline zone.
1:16 of 1st period - Icing by T.J. Fast.
1:17 of 1st period - Yan Stastny wins face-off versus Kyle Brodziak in Staline zone.
1:32 of 1st period - Wrist shot by Yan Stastny.
1:32 of 1st period - Stopped by James Reimer without a rebound.
1:33 of 1st period - Tomas Kana wins face-off versus Dean McAmmond in Saguenéens zone.
1:38 of 1st period - Snap shot by Robert Dome.
1:38 of 1st period - Shot Blocked by Dean McAmmond.
1:48 of 1st period - Slapshot by Henrik Tallinder.
1:48 of 1st period - Stopped by Erik Ersberg with a rebound.
1:58 of 1st period - Mike Van Ryn is hit by Alexandre Daigle.
2:06 of 1st period - Snap shot by Yan Stastny.
2:06 of 1st period - Stopped by James Reimer without a rebound.
2:07 of 1st period - Eric Hunter wins face-off versus Kyle Brodziak in Saguenéens zone.
3:12 of 1st period - Slapshot by Brandon Prust.
3:12 of 1st period - Stopped by James Reimer with a rebound.
3:14 of 1st period - Wrist shot by Matt Generous.
3:14 of 1st period - Shot Misses the Net.
3:22 of 1st period - Slapshot by Maxime Fortunus.
3:22 of 1st period - Stopped by James Reimer with a rebound.
4:43 of 1st period - Wrist shot by Alexandre Daigle.
4:43 of 1st period - Stopped by James Reimer without a rebound.
4:44 of 1st period - Dean McAmmond wins face-off versus Tomas Kana in Saguenéens zone.
4:44 of 1st period - Dean McAmmond is hit by Maxime Fortunus.
4:58 of 1st period - Backhand shot by Devin Setoguchi.
4:58 of 1st period - Shot Misses the Net.
5:11 of 1st period - Icing by Henrik Tallinder.
5:12 of 1st period - Kyle Brodziak wins face-off versus Josh Green in Saguenéens zone.
6:07 of 1st period - Wrist shot by Brad Chartrand.
6:07 of 1st period - Stopped by Erik Ersberg with a rebound.
6:23 of 1st period - Slapshot by Mark Stuart.
6:23 of 1st period - Stopped by James Reimer without a rebound.
6:24 of 1st period - J.T. Wyman wins face-off versus Kyle Brodziak in Saguenéens zone.
6:35 of 1st period - J.T. Wyman is hit by Kyle Brodziak and loses puck.
7:08 of 1st period - Minor Penalty to Robert Dome for Interference.
7:09 of 1st period - Kyle Brodziak wins face-off versus Chris Dingman in Staline zone.
7:20 of 1st period - Michal Grosek is hit by Chris Dingman and loses puck.
7:41 of 1st period - Snap shot by Alexandre Daigle.
7:41 of 1st period - Shot Blocked by Henrik Tallinder.
7:43 of 1st period - Slapshot by Yan Stastny.
7:43 of 1st period - Stopped by James Reimer with a rebound.
9:08 of 1st period - Penalty to Robert Dome is over, Robert Dome is back on ice.
9:30 of 1st period - Mike Sauer is hit by Andrew Kozek and loses puck.
9:47 of 1st period - Snap shot by Devin Setoguchi.
9:47 of 1st period - Shot Misses the Net.
9:49 of 1st period - Snap shot by Devin Setoguchi.
9:49 of 1st period - Goal by Devin Setoguchi - Saguenéens : 0 - Staline : 1.
9:50 of 1st period - Yan Stastny wins face-off versus Michal Grosek in neutral zone.
10:38 of 1st period - Slapshot by Greg Zanon.
10:38 of 1st period - Shot Misses the Net.
11:02 of 1st period - Wrist shot by J.T. Wyman.
11:02 of 1st period - Shot Blocked by Henrik Tallinder.
11:04 of 1st period - Slapshot by Simon Danis-Pepin.
11:04 of 1st period - Shot Blocked by Henrik Tallinder.
11:06 of 1st period - Snap shot by Brandon Prust.
11:06 of 1st period - Shot Misses the Net.
11:08 of 1st period - Snap shot by Simon Danis-Pepin.
11:08 of 1st period - Shot Misses the Net.
11:28 of 1st period - Wrist shot by Kyle Brodziak.
11:28 of 1st period - Shot Misses the Net.
11:42 of 1st period - Dean McAmmond is hit by Robert Dome and loses puck.
12:20 of 1st period - Icing by Henrik Tallinder.
12:21 of 1st period - Robby Dee wins face-off versus David McIntyre in Saguenéens zone.
12:46 of 1st period - Mike Van Ryn is hit by Chris Dingman and loses puck.
13:27 of 1st period - Matt Carle is hit by Johannes Salmonsson and loses puck.
13:32 of 1st period - Slapshot by Brad Chartrand.
13:32 of 1st period - Stopped by Erik Ersberg with a rebound.
14:34 of 1st period - Wrist shot by Josh Green.
14:34 of 1st period - Shot Blocked by Dean McAmmond.
15:16 of 1st period - Snap shot by Cam Janssen.
15:16 of 1st period - Deflect By Eric Hunter.
15:16 of 1st period - Shot Misses the Net.
15:16 of 1st period - Puck is out of play.
15:17 of 1st period - Kyle Brodziak wins face-off versus Yan Stastny in Saguenéens zone.
16:05 of 1st period - Matt Generous is hit by Patrick McNeill.
16:09 of 1st period - Wrist shot by J.T. Wyman.
16:09 of 1st period - Shot Misses the Net.
16:11 of 1st period - Snap shot by J.T. Wyman.
16:11 of 1st period - Deflect By Brandon Prust.
16:11 of 1st period - Shot Blocked by Henrik Tallinder.
16:11 of 1st period - Puck is out of play.
16:12 of 1st period - Yan Stastny wins face-off versus Kyle Brodziak in Saguenéens zone.
16:13 of 1st period - Snap shot by Chris Dingman.
16:13 of 1st period - Stopped by James Reimer with a rebound.
16:19 of 1st period - Yan Stastny is hit by Brandon Yip and loses puck.
16:47 of 1st period - Slapshot by Brendan Witt.
16:47 of 1st period - Shot Misses the Net.
17:06 of 1st period - Minor Penalty to Dwight King for Holding.
17:07 of 1st period - Yan Stastny wins face-off versus Michal Grosek in Saguenéens zone.
17:10 of 1st period - Snap shot by Yan Stastny.
17:10 of 1st period - Goal by Yan Stastny - Saguenéens : 0 - Staline : 2.
17:11 of 1st period - Yan Stastny wins face-off versus Kyle Brodziak in neutral zone.
17:36 of 1st period - Wayne Simmonds is hit by Robert Dome and loses puck.
17:43 of 1st period - Slapshot by Wayne Simmonds.
17:43 of 1st period - Shot Misses the Net.
17:48 of 1st period - Icing by Mark Stuart.
17:49 of 1st period - Kyle Brodziak wins face-off versus Tomas Kana in Staline zone.
18:05 of 1st period - Wrist shot by Robert Dome.
18:05 of 1st period - Stopped by James Reimer with a rebound.
18:20 of 1st period - Minor Penalty to Maxime Fortunus for Roughing.
18:21 of 1st period - Chris Dingman wins face-off versus Dean McAmmond in Staline zone.
19:25 of 1st period - Snap shot by Matt Carle.
19:25 of 1st period - Deflect By Brandon Prust.
19:25 of 1st period - Shot Misses the Net.
19:25 of 1st period - Puck is out of play.
19:26 of 1st period - Dean McAmmond wins face-off versus Brandon Prust in Saguenéens zone.
19:41 of 1st period - Wrist shot by Brandon Yip.
19:41 of 1st period - Stopped by Erik Ersberg with a rebound.
19:43 of 1st period - Slapshot by Mike Van Ryn.
19:43 of 1st period - Shot Blocked by Matt Carle.
2nd period
0:01 of 2nd period - Chris Dingman wins face-off versus Kyle Brodziak in neutral zone.
0:20 of 2nd period - Penalty to Maxime Fortunus is over, Maxime Fortunus is back on ice.
0:33 of 2nd period - Dean McAmmond is hit by Devin Setoguchi and loses puck.
1:10 of 2nd period - Yan Stastny is hit by Pat Dwyer and loses puck.
1:35 of 2nd period - Snap shot by T.J. Fast.
1:35 of 2nd period - Stopped by James Reimer with a rebound.
2:09 of 2nd period - Brendan Witt is hit by Yan Stastny and loses puck.
2:14 of 2nd period - Wrist shot by Alexandre Daigle.
2:14 of 2nd period - Shot Blocked by Denis Bodrov.
2:17 of 2nd period - Icing by Brendan Witt.
2:18 of 2nd period - Tomas Kana wins face-off versus David McIntyre in Saguenéens zone.
2:21 of 2nd period - Snap shot by Devin Setoguchi.
2:21 of 2nd period - Shot Blocked by Brendan Witt.
3:19 of 2nd period - Dean McAmmond is hit by Cam Janssen and loses puck.
3:30 of 2nd period - Dean McAmmond is hit by Robby Dee and loses puck.
3:40 of 2nd period - Icing by Dwight King.
3:41 of 2nd period - Dean McAmmond wins face-off versus Yan Stastny in Saguenéens zone.
4:01 of 2nd period - Slapshot by Wayne Simmonds.
4:01 of 2nd period - Shot Misses the Net.
4:03 of 2nd period - Snap shot by Wayne Simmonds.
4:03 of 2nd period - Shot Blocked by Chris Dingman.
4:05 of 2nd period - Slapshot by Brendan Witt.
4:05 of 2nd period - Shot Misses the Net.
4:21 of 2nd period - Wrist shot by Alexandre Daigle.
4:21 of 2nd period - Shot Blocked by Brendan Witt.
4:27 of 2nd period - Snap shot by Dean McAmmond.
4:27 of 2nd period - Stopped by Erik Ersberg without a rebound.
4:28 of 2nd period - Tomas Kana wins face-off versus Kyle Brodziak in Staline zone.
5:16 of 2nd period - Slapshot by Michal Grosek.
5:16 of 2nd period - Stopped by Erik Ersberg without a rebound.
5:17 of 2nd period - Kyle Brodziak wins face-off versus Robby Dee in Staline zone.
5:24 of 2nd period - Wrist shot by Kyle Brodziak.
5:24 of 2nd period - Stopped by Erik Ersberg with a rebound.
5:26 of 2nd period - Snap shot by Kyle Brodziak.
5:26 of 2nd period - Shot Misses the Net.
5:28 of 2nd period - Slapshot by Derek Joslin.
5:28 of 2nd period - Shot Blocked by Brandon Prust.
5:30 of 2nd period - Slapshot by Mike Van Ryn.
5:30 of 2nd period - Stopped by Erik Ersberg with a rebound.
5:40 of 2nd period - Snap shot by Pat Dwyer.
5:40 of 2nd period - Stopped by Erik Ersberg without a rebound.
5:41 of 2nd period - David McIntyre wins face-off versus Yan Stastny in Staline zone.
5:42 of 2nd period - Snap shot by Pat Dwyer.
5:42 of 2nd period - Shot Blocked by Greg Zanon.
5:44 of 2nd period - Slapshot by Henrik Tallinder.
5:44 of 2nd period - Shot Misses the Net.
5:48 of 2nd period - Slapshot by Henrik Tallinder.
5:48 of 2nd period - Shot Blocked by Mark Stuart.
5:49 of 2nd period - Minor Penalty to Alexandre Daigle for Holding.
5:49 of 2nd period - Minor Penalty to Patrick McNeill for Roughing.
5:50 of 2nd period - Kyle Brodziak wins face-off versus Chris Dingman in Staline zone.
6:05 of 2nd period - Snap shot by Kyle Brodziak.
6:05 of 2nd period - Shot Blocked by Mark Stuart.
6:30 of 2nd period - Icing by Wayne Simmonds.
6:31 of 2nd period - Dean McAmmond wins face-off versus Josh Green in Saguenéens zone.
6:41 of 2nd period - Josh Green is hit by Kyle Brodziak.
6:44 of 2nd period - Off-side.
6:45 of 2nd period - Dean McAmmond wins face-off versus Chris Dingman in neutral zone.
7:23 of 2nd period - Matt Carle is hit by Wayne Simmonds and loses puck.
7:49 of 2nd period - Penalty to Alexandre Daigle is over, Alexandre Daigle is back on ice.
7:49 of 2nd period - Penalty to Patrick McNeill is over, Patrick McNeill is back on ice.
8:11 of 2nd period - Wrist shot by Alexandre Daigle.
8:11 of 2nd period - Shot Misses the Net.
8:13 of 2nd period - Slapshot by Mark Stuart.
8:13 of 2nd period - Stopped by James Reimer with a rebound.
8:15 of 2nd period - Wrist shot by Cam Janssen.
8:15 of 2nd period - Shot Blocked by Derek Joslin.
8:17 of 2nd period - Snap shot by Alexandre Daigle.
8:17 of 2nd period - Stopped by James Reimer with a rebound.
8:31 of 2nd period - Wrist shot by Alexandre Daigle.
8:31 of 2nd period - Stopped by James Reimer with a rebound.
8:37 of 2nd period - Wrist shot by Josh Green.
8:37 of 2nd period - Shot Misses the Net.
8:39 of 2nd period - Slapshot by Alexandre Daigle.
8:39 of 2nd period - Deflect By Cam Janssen.
8:39 of 2nd period - Goal by Cam Janssen - Saguenéens : 0 - Staline : 3.
8:40 of 2nd period - Tomas Kana wins face-off versus Wayne Simmonds in neutral zone.
9:10 of 2nd period - Snap shot by Brandon Prust.
9:10 of 2nd period - Shot Misses the Net.
9:21 of 2nd period - Icing by Matt Generous.
9:22 of 2nd period - David McIntyre wins face-off versus Alexandre Daigle in Staline zone.
9:27 of 2nd period - Snap shot by Pat Dwyer.
9:27 of 2nd period - Shot Blocked by Chris Dingman.
9:47 of 2nd period - Devin Setoguchi is hit by Wayne Simmonds and loses puck.
10:11 of 2nd period - Minor Penalty to Eric Hunter for Hooking.
10:12 of 2nd period - Chris Dingman wins face-off versus Kyle Brodziak in Staline zone.
10:12 of 2nd period - Chris Dingman is hit by Kyle Brodziak.
12:11 of 2nd period - Penalty to Eric Hunter is over, Eric Hunter is back on ice.
12:44 of 2nd period - Minor Penalty to Devin Setoguchi for Hooking.
12:45 of 2nd period - Chris Dingman wins face-off versus Dean McAmmond in Staline zone.
13:19 of 2nd period - Slapshot by Mike Van Ryn.
13:19 of 2nd period - Shot Misses the Net.
13:48 of 2nd period - Snap shot by Brandon Yip.
13:48 of 2nd period - Shot Misses the Net.
13:50 of 2nd period - Slapshot by Mike Van Ryn.
13:50 of 2nd period - Deflect By Yan Stastny.
13:50 of 2nd period - Goal by Mike Van Ryn - Saguenéens : 1 - Staline : 3.
13:51 of 2nd period - Kyle Brodziak wins face-off versus Yan Stastny in neutral zone.
14:40 of 2nd period - Derek Joslin is hit by Cam Janssen and loses puck.
15:03 of 2nd period - Wrist shot by Chris Dingman.
15:03 of 2nd period - Stopped by James Reimer with a rebound.
15:05 of 2nd period - Slapshot by Greg Zanon.
15:05 of 2nd period - Shot Misses the Net.
15:07 of 2nd period - Slapshot by Greg Zanon.
15:07 of 2nd period - Shot Blocked by David McIntyre.
15:14 of 2nd period - Icing by Mike Van Ryn.
15:15 of 2nd period - David McIntyre wins face-off versus Robby Dee in Saguenéens zone.
15:15 of 2nd period - David McIntyre is hit by Mark Stuart.
15:29 of 2nd period - Snap shot by Kyle Brodziak.
15:29 of 2nd period - Shot Blocked by Mark Stuart.
16:08 of 2nd period - Snap shot by Devin Setoguchi.
16:08 of 2nd period - Shot Misses the Net.
16:10 of 2nd period - Snap shot by Robert Dome.
16:10 of 2nd period - Stopped by James Reimer with a rebound.
16:12 of 2nd period - Slapshot by Robert Dome.
16:12 of 2nd period - Deflect By Henrik Tallinder.
16:12 of 2nd period - Stopped by James Reimer with a rebound.
16:14 of 2nd period - Slapshot by Mark Stuart.
16:14 of 2nd period - Shot Blocked by Henrik Tallinder.
16:46 of 2nd period - Denis Bodrov is hit by Brandon Prust and loses puck.
16:50 of 2nd period - Minor Penalty to Pat Dwyer for Charging.
16:51 of 2nd period - Yan Stastny wins face-off versus Dean McAmmond in Saguenéens zone.
16:56 of 2nd period - Wrist shot by Matt Carle.
16:56 of 2nd period - Shot Blocked by Henrik Tallinder.
16:58 of 2nd period - Slapshot by T.J. Fast.
16:58 of 2nd period - Shot Blocked by Henrik Tallinder.
17:00 of 2nd period - Wrist shot by Chris Dingman.
17:00 of 2nd period - Shot Misses the Net.
17:02 of 2nd period - Wrist shot by Chris Dingman.
17:02 of 2nd period - Goal by Chris Dingman - Saguenéens : 1 - Staline : 4.
17:03 of 2nd period - Yan Stastny wins face-off versus Kyle Brodziak in neutral zone.
17:18 of 2nd period - Slapshot by Mark Stuart.
17:18 of 2nd period - Stopped by James Reimer without a rebound.
17:19 of 2nd period - Dean McAmmond wins face-off versus Devin Setoguchi in Saguenéens zone.
17:26 of 2nd period - Slapshot by Patrick McNeill.
17:26 of 2nd period - Deflect By Greg Zanon.
17:26 of 2nd period - Stopped by Erik Ersberg without a rebound.
17:27 of 2nd period - Tomas Kana wins face-off versus Dean McAmmond in Staline zone.
17:53 of 2nd period - Slapshot by Henrik Tallinder.
17:53 of 2nd period - Stopped by Erik Ersberg with a rebound.
17:55 of 2nd period - Wrist shot by Dean McAmmond.
17:55 of 2nd period - Shot Blocked by Mark Stuart.
17:57 of 2nd period - Slapshot by Patrick McNeill.
17:57 of 2nd period - Shot Blocked by Greg Zanon.
17:59 of 2nd period - Wrist shot by Wayne Simmonds.
17:59 of 2nd period - Stopped by Erik Ersberg with a rebound.
18:01 of 2nd period - Slapshot by Patrick McNeill.
18:01 of 2nd period - Shot Blocked by Tomas Kana.
18:03 of 2nd period - Snap shot by Dean McAmmond.
18:03 of 2nd period - Shot Blocked by Tomas Kana.
18:05 of 2nd period - Snap shot by Wayne Simmonds.
18:05 of 2nd period - Shot Misses the Net.
18:07 of 2nd period - Snap shot by Wayne Simmonds.
18:07 of 2nd period - Deflect By Dean McAmmond.
18:07 of 2nd period - Stopped by Erik Ersberg without a rebound.
18:08 of 2nd period - Yan Stastny wins face-off versus Kyle Brodziak in Staline zone.
19:10 of 2nd period - Brandon Prust is hit by Henrik Tallinder and loses puck.
19:46 of 2nd period - Robert Dome is hit by Dwight King and loses puck.
3rd period
0:01 of 3rd period - Yan Stastny wins face-off versus Kyle Brodziak in neutral zone.
0:30 of 3rd period - Minor Penalty to Tomas Kana for Hooking.
0:30 of 3rd period - Minor Penalty to Wayne Simmonds for Hooking.
0:31 of 3rd period - Chris Dingman wins face-off versus Brad Chartrand in Saguenéens zone.
0:34 of 3rd period - Backhand shot by Alexandre Daigle.
0:34 of 3rd period - Deflect By Chris Dingman.
0:34 of 3rd period - Shot Misses the Net.
0:34 of 3rd period - Puck is out of play.
0:35 of 3rd period - Chris Dingman wins face-off versus Dean McAmmond in Saguenéens zone.
0:38 of 3rd period - Wrist shot by Chris Dingman.
0:38 of 3rd period - Stopped by James Reimer without a rebound.
0:39 of 3rd period - Chris Dingman wins face-off versus Dean McAmmond in Saguenéens zone.
0:51 of 3rd period - Off-side.
0:52 of 3rd period - Kyle Brodziak wins face-off versus Chris Dingman in neutral zone.
1:05 of 3rd period - Mike Van Ryn is hit by Mark Stuart and loses puck.
1:28 of 3rd period - Yan Stastny is hit by Mike Van Ryn and loses puck.
2:30 of 3rd period - Penalty to Tomas Kana is over, Tomas Kana is back on ice.
2:30 of 3rd period - Penalty to Wayne Simmonds is over, Wayne Simmonds is back on ice.
2:49 of 3rd period - Wrist shot by J.T. Wyman.
2:49 of 3rd period - Deflect By Brandon Prust.
2:49 of 3rd period - Shot Blocked by Andrew Kozek.
2:49 of 3rd period - Puck is out of play.
2:50 of 3rd period - Tomas Kana wins face-off versus David McIntyre in Saguenéens zone.
2:51 of 3rd period - Wrist shot by Robert Dome.
2:51 of 3rd period - Shot Misses the Net.
3:01 of 3rd period - Snap shot by Pat Dwyer.
3:01 of 3rd period - Stopped by Erik Ersberg without a rebound.
3:02 of 3rd period - Kyle Brodziak wins face-off versus Tomas Kana in Staline zone.
3:28 of 3rd period - Wayne Simmonds is hit by Alexandre Daigle and loses puck.
3:51 of 3rd period - Wrist shot by Matt Carle.
3:51 of 3rd period - Deflect By Eric Hunter.
3:51 of 3rd period - Shot Misses the Net.
3:51 of 3rd period - Puck is out of play.
3:52 of 3rd period - Kyle Brodziak wins face-off versus Eric Hunter in Saguenéens zone.
4:23 of 3rd period - Minor Penalty to Patrick McNeill for Hooking.
4:24 of 3rd period - Yan Stastny wins face-off versus Kyle Brodziak in Saguenéens zone.
4:56 of 3rd period - Icing by Robert Dome.
4:57 of 3rd period - Kyle Brodziak wins face-off versus Tomas Kana in Staline zone.
5:00 of 3rd period - Wrist shot by Michal Grosek.
5:00 of 3rd period - Shot Blocked by Mark Stuart.
5:12 of 3rd period - Slapshot by Greg Zanon.
5:12 of 3rd period - Stopped by James Reimer with a rebound.
5:49 of 3rd period - Wrist shot by Devin Setoguchi.
5:49 of 3rd period - Goal by Devin Setoguchi - Saguenéens : 1 - Staline : 5.
5:49 of 3rd period - Thomas Greiss enters game.
5:50 of 3rd period - Kyle Brodziak wins face-off versus Yan Stastny in neutral zone.
6:03 of 3rd period - Snap shot by Chris Dingman.
6:03 of 3rd period - Shot Misses the Net.
6:05 of 3rd period - Slapshot by T.J. Fast.
6:05 of 3rd period - Shot Misses the Net.
6:22 of 3rd period - Derek Joslin is hit by Cam Janssen and loses puck.
6:35 of 3rd period - Maxime Fortunus is hit by Jim Slater and loses puck.
6:40 of 3rd period - Wrist shot by Jim Slater.
6:40 of 3rd period - Shot Misses the Net.
6:42 of 3rd period - Snap shot by Jim Slater.
6:42 of 3rd period - Shot Hit the Post.
6:44 of 3rd period - Snap shot by Brad Chartrand.
6:44 of 3rd period - Shot Blocked by Robby Dee.
6:46 of 3rd period - Slapshot by Derek Joslin.
6:46 of 3rd period - Stopped by Erik Ersberg with a rebound.
6:48 of 3rd period - Wrist shot by Jim Slater.
6:48 of 3rd period - Stopped by Erik Ersberg without a rebound.
6:49 of 3rd period - Yan Stastny wins face-off versus Kyle Brodziak in Staline zone.
7:04 of 3rd period - Wrist shot by Michal Grosek.
7:04 of 3rd period - Stopped by Erik Ersberg without a rebound.
7:05 of 3rd period - Dean McAmmond wins face-off versus Tomas Kana in Staline zone.
7:08 of 3rd period - Wrist shot by Dean McAmmond.
7:08 of 3rd period - Stopped by Erik Ersberg with a rebound.
8:54 of 3rd period - Icing by Dwight King.
8:55 of 3rd period - Tomas Kana wins face-off versus Brandon Yip in Saguenéens zone.
9:22 of 3rd period - Dwight King is hit by Alexandre Daigle and loses puck.
9:47 of 3rd period - Snap shot by Josh Green.
9:47 of 3rd period - Stopped by Thomas Greiss with a rebound.
9:49 of 3rd period - Snap shot by Eric Hunter.
9:49 of 3rd period - Stopped by Thomas Greiss with a rebound.
9:51 of 3rd period - Slapshot by Eric Hunter.
9:51 of 3rd period - Shot Misses the Net.
9:53 of 3rd period - Snap shot by Cam Janssen.
9:53 of 3rd period - Stopped by Thomas Greiss without a rebound.
9:54 of 3rd period - Tomas Kana wins face-off versus Kyle Brodziak in Saguenéens zone.
10:09 of 3rd period - Wrist shot by Kyle Brodziak.
10:09 of 3rd period - Stopped by Erik Ersberg with a rebound.
10:16 of 3rd period - Icing by Mike Sauer.
10:17 of 3rd period - Dean McAmmond wins face-off versus Tomas Kana in Staline zone.
10:18 of 3rd period - Snap shot by Wayne Simmonds.
10:18 of 3rd period - Shot Misses the Net.
10:30 of 3rd period - Snap shot by Robert Dome.
10:30 of 3rd period - Goal by Robert Dome - Saguenéens : 1 - Staline : 6.
10:31 of 3rd period - Dean McAmmond wins face-off versus Yan Stastny in neutral zone.
10:40 of 3rd period - Wrist shot by Wayne Simmonds.
10:40 of 3rd period - Goal by Wayne Simmonds - Saguenéens : 2 - Staline : 6.
10:41 of 3rd period - Kyle Brodziak wins face-off versus Yan Stastny in neutral zone.
11:07 of 3rd period - Greg Zanon is hit by Wayne Simmonds and loses puck.
11:12 of 3rd period - Wrist shot by Dean McAmmond.
11:12 of 3rd period - Shot Misses the Net.
11:14 of 3rd period - Snap shot by Brendan Witt.
11:14 of 3rd period - Shot Blocked by Devin Setoguchi.
11:16 of 3rd period - Snap shot by Dwight King.
11:16 of 3rd period - Stopped by Erik Ersberg with a rebound.
11:18 of 3rd period - Wrist shot by Dwight King.
11:18 of 3rd period - Shot Misses the Net.
11:34 of 3rd period - Slapshot by Pat Dwyer.
11:34 of 3rd period - Shot Misses the Net.
11:38 of 3rd period - Snap shot by Andrew Kozek.
11:38 of 3rd period - Stopped by Erik Ersberg with a rebound.
11:46 of 3rd period - Josh Green is hit by Henrik Tallinder.
11:56 of 3rd period - Cam Janssen is hit by Kyle Brodziak and loses puck.
12:07 of 3rd period - Slapshot by Michal Grosek.
12:07 of 3rd period - Stopped by Erik Ersberg without a rebound.
12:08 of 3rd period - Yan Stastny wins face-off versus Dean McAmmond in Staline zone.
12:34 of 3rd period - Wrist shot by Michal Grosek.
12:34 of 3rd period - Stopped by Erik Ersberg with a rebound.
12:36 of 3rd period - Wrist shot by Kyle Brodziak.
12:36 of 3rd period - Stopped by Erik Ersberg without a rebound.
12:37 of 3rd period - Tomas Kana wins face-off versus Kyle Brodziak in Staline zone.
12:37 of 3rd period - Tomas Kana is hit by Patrick McNeill.
13:10 of 3rd period - Devin Setoguchi is hit by Kyle Brodziak and loses puck.
13:31 of 3rd period - Wrist shot by Michal Grosek.
13:31 of 3rd period - Shot Blocked by Robert Dome.
13:36 of 3rd period - Matt Carle is hit by Patrick McNeill and loses puck.
13:39 of 3rd period - Slapshot by Robert Dome.
13:39 of 3rd period - Shot Misses the Net.
13:41 of 3rd period - Slapshot by Robert Dome.
13:41 of 3rd period - Deflect By Devin Setoguchi.
13:41 of 3rd period - Shot Misses the Net.
13:41 of 3rd period - Puck is out of play.
13:42 of 3rd period - Yan Stastny wins face-off versus Dean McAmmond in Saguenéens zone.
13:49 of 3rd period - Wrist shot by Yan Stastny.
13:49 of 3rd period - Stopped by Thomas Greiss without a rebound.
13:49 of 3rd period - Minor Penalty to Dwight King for Interference.
13:50 of 3rd period - Yan Stastny wins face-off versus Brad Chartrand in Saguenéens zone.
13:57 of 3rd period - Snap shot by Chris Dingman.
13:57 of 3rd period - Shot Misses the Net.
13:59 of 3rd period - Slapshot by Greg Zanon.
13:59 of 3rd period - Shot Misses the Net.
14:01 of 3rd period - Slapshot by Mark Stuart.
14:01 of 3rd period - Shot Blocked by Mike Van Ryn.
14:03 of 3rd period - Snap shot by Chris Dingman.
14:03 of 3rd period - Goal by Chris Dingman - Saguenéens : 2 - Staline : 7.
14:04 of 3rd period - Wayne Simmonds wins face-off versus Yan Stastny in neutral zone.
14:26 of 3rd period - Wayne Simmonds is hit by Greg Zanon and loses puck.
14:57 of 3rd period - Snap shot by Mark Stuart.
14:57 of 3rd period - Shot Blocked by Patrick McNeill.
15:00 of 3rd period - Icing by Henrik Tallinder.
15:01 of 3rd period - Johannes Salmonsson wins face-off versus Eric Hunter in Saguenéens zone.
15:24 of 3rd period - Slapshot by Brad Chartrand.
15:24 of 3rd period - Shot Misses the Net.
15:31 of 3rd period - Minor Penalty to Patrick McNeill for High sticking.
15:32 of 3rd period - Yan Stastny wins face-off versus Kyle Brodziak in Saguenéens zone.
15:43 of 3rd period - Snap shot by Alexandre Daigle.
15:43 of 3rd period - Stopped by Thomas Greiss without a rebound.
15:44 of 3rd period - Kyle Brodziak wins face-off versus Yan Stastny in Saguenéens zone.
15:55 of 3rd period - Wrist shot by Yan Stastny.
15:55 of 3rd period - Stopped by Thomas Greiss without a rebound.
15:56 of 3rd period - Yan Stastny wins face-off versus Dean McAmmond in Saguenéens zone.
16:07 of 3rd period - Snap shot by Alexandre Daigle.
16:07 of 3rd period - Stopped by Thomas Greiss with a rebound.
17:13 of 3rd period - Wrist shot by Dean McAmmond.
17:13 of 3rd period - Goal by Dean McAmmond - Saguenéens : 3 - Staline : 7.
17:14 of 3rd period - Alexandre Daigle wins face-off versus Dean McAmmond in neutral zone.
17:20 of 3rd period - Snap shot by Chris Dingman.
17:20 of 3rd period - Goal by Chris Dingman - Saguenéens : 3 - Staline : 8.
17:21 of 3rd period - Dean McAmmond wins face-off versus Yan Stastny in neutral zone.
17:28 of 3rd period - Snap shot by Wayne Simmonds.
17:28 of 3rd period - Shot Misses the Net.
17:30 of 3rd period - Wrist shot by Wayne Simmonds.
17:30 of 3rd period - Stopped by Erik Ersberg with a rebound.
17:32 of 3rd period - Wrist shot by Wayne Simmonds.
17:32 of 3rd period - Shot Blocked by Yan Stastny.
17:52 of 3rd period - Greg Zanon is hit by Denis Bodrov and loses puck.
19:23 of 3rd period - Slapshot by Mike Van Ryn.
19:23 of 3rd period - Stopped by Erik Ersberg without a rebound.
19:24 of 3rd period - Kyle Brodziak wins face-off versus Robert Dome in Staline zone.
19:29 of 3rd period - Snap shot by Michal Grosek.
19:29 of 3rd period - Shot Blocked by Matt Generous.
19:36 of 3rd period - Minor Penalty to Patrick McNeill for Slashing.
19:37 of 3rd period - Kyle Brodziak wins face-off versus Yan Stastny in Saguenéens zone.
19:37 of 3rd period - Kyle Brodziak is hit by Alexandre Daigle.
19:51 of 3rd period - Slapshot by Greg Zanon.
19:51 of 3rd period - Stopped by Thomas Greiss with a rebound.
19:53 of 3rd period - Snap shot by Greg Zanon.
19:53 of 3rd period - Shot Misses the Net.
Output by the SimonT Hockey Simulator (STHS) for François Prévost -- Original Page W3C XHTML 1.0 Valid